 Dungeon Crawl Stone Soup version 0.29-a0-1027-gcd8c55af63 (webtiles) character file.

Game seed: 16068089672957322256

312 ytrimaz the Covered (level 6, -2/48 HPs)
             Began as a Formicid Fighter on Aug 12, 2022.
             Killed from afar by Dowan (14 damage)
             ... with a stone arrow
             ... on level 4 of the Dungeon.
             The game lasted 00:02:39 (3234 turns).

ytrimaz the Covered (Formicid Fighter)              Turns: 3234, Time: 00:02:40

Health: -2/48      AC:  7    Str: 21 (22) XL:     6   Next: 70%
Magic:  6/6        EV: 13    Int:  8      God:
Gold:   75         SH:  5    Dex: 11 (13) Spells: 5/5 levels left

rFire   . . .      SeeInvis +   a - +1 war axe
rCold   . . .      Faith    .   c - +0 buckler
rNeg    . . .      Spirit   .   b - +0 scale mail
rPois   .          Reflect  .   (helmet unavailable)
rElec   .          Harm     .   (no cloak)
rCorr   .          Rampage  .   (no gloves)
Will    .....                   (no boots)
Stlth   ..........              (no amulet)
HPRegen 0.16/turn               f - +4 ring of evasion
MPRegen 0.10/turn               (no ring)

@: mighty, flying
A: permanent stasis, dig shafts and tunnels, antennae 3, four strong arms
a: Dig, Shaft Self


You were on level 4 of the Dungeon.
You visited 1 branch of the dungeon, and saw 4 of its levels.

You collected 75 gold pieces.

Inventory:

Hand Weapons
 a - a +1 war axe (weapon)
Armour
 b - a +0 scale mail (worn)
 c - a +0 buckler (worn)
Jewellery
 f - a +4 ring of evasion (left hand)
Wands
 g - a wand of paralysis (6)
Potions
 e - a potion of brilliance


   Skills:
 + Level 4.0 Fighting
 + Level 4.6 Axes
 + Level 5.1 Armour
 + Level 0.7 Dodging
 + Level 0.1 Stealth
 + Level 4.5 Shields


You had 5 spell levels left.
You didn't know any spells.
Your spell library contained the following spells:

 Spells                   Type           Power      Damage    Failure   Level
 Beastly Appendage        Tmut           0%         N/A       80%         1
 Wereblood                Tmut           0%         N/A       91%         2
 Dazzling Flash           Conj/Hex       0%         N/A       99%         3
 Inner Flame              Hex/Fire       0%         N/A       99%         3
 Spider Form              Tmut/Pois      0%         N/A       99%         3
 Cause Fear               Hex            0%         N/A       100%        4
 Agony                    Necr           0%         N/A       100%        5
 Silence                  Hex/Air        0%         N/A       100%        5
 Discord                  Hex            0%         N/A       100%        8


Dungeon Overview and Level Annotations

Branches:
Dungeon (4/15)
 Temple: D:4-7

Altars:

Annotations:
D:4 Dowan


Innate Abilities, Weirdness & Mutations

You cannot be hasted, slowed, berserked, paralysed or teleported.
You can dig through walls and to a lower floor.
You have a pair of large antennae on your head. (SInv)
Your four strong arms can wield two-handed weapons with a shield.


Message History

The orc is moderately wounded.
You miss the hobgoblin. The orc hits you but does no damage.
The hobgoblin hits you but does no damage.
You miss the orc.
The orc is moderately wounded.
You miss the hobgoblin. The orc closely misses you.
The hobgoblin closely misses you.
Unknown command.
You bump into the rock wall.
You feel less confused. The orc completely misses you.
The hobgoblin closely misses you.
You slice the orc!!
You kill the orc!
You hit the hobgoblin.
You kill the hobgoblin!
Unknown command.
You barely miss the orc wizard.
The orc wizard is heavily wounded.
The orc wizard hits you but does no damage.
You closely miss the orc wizard.
The orc wizard is heavily wounded.
You block the orc wizard's attack.
Unknown command.
You slash the orc wizard!
You kill the orc wizard!
Dowan gestures wildly while chanting.
Dowan blinks!
The giant cockroach barely misses you.
You closely miss the giant cockroach. The giant cockroach barely misses you.
Unknown command.
You closely miss the giant cockroach. The giant cockroach closely misses you.
The giant cockroach barely misses you.
You slash the giant cockroach!
You kill the giant cockroach!
Dowan hits you but does no damage.
Unknown command.
You slash Dowan!
Dowan is severely wounded.
Dowan gestures at you while chanting. The stone arrow hits you!
You die...

{ ### ###
...... .
#.#.# ..
#.†.# ...
#@#
....###e#
......)o#
..##....##
........<#
..##....##
. #...#.
#### .# .#


You could see Dowan (fast) and an orc.

Vanquished Creatures
  Duvessa (D:4)
  Ijyb (D:3)
  An orc wizard (D:4)
  3 gnolls (D:3)
  5 adders
  2 worms
  2 dart slugs
  3 orcs
  7 ball pythons
  9 endoplasms
  3 giant cockroaches
  5 goblins
  4 hobgoblins
  6 quokkas
  5 bats
  3 frilled lizards
  7 kobolds
  6 rats
73 creatures vanquished.

Vanquished Creatures (others)
  4 plants (D:1)
4 creatures vanquished.

Grand Total: 77 creatures vanquished

Notes
Turn   | Place    | Note
-------+----------+-------------------------------------------
     0 | D:1      | ytrimaz the Formicid Fighter began the quest for the Orb.
     0 | D:1      | Reached XP level 1. HP: 18/18 MP: 1/1
   149 | D:1      | Reached XP level 2. HP: 20/24 MP: 2/2
   400 | D:1      | Found a faded altar of an unknown god.
   431 | D:1      | Reached XP level 3. HP: 29/29 MP: 3/3
   803 | D:2      | Reached skill level 4 in Armour
   937 | D:2      | Reached XP level 4. HP: 18/37 MP: 4/4
  1821 | D:3      | Reached XP level 5. HP: 11/42 MP: 5/5
  2067 | D:3      | Noticed Ijyb
  2078 | D:3      | Killed Ijyb
  3196 | D:4      | Noticed Duvessa
  3203 | D:4      | Noticed Dowan
  3211 | D:4      | HP: 2/42 [poisoned by Duvessa]
  3213 | D:4      | Killed Duvessa
  3214 | D:4      | Reached skill level 5 in Armour
  3214 | D:4      | Reached XP level 6. HP: 11/48 MP: 6/6
  3234 | D:4      | Killed from afar by Dowan

Illustrated notes

Levels and vault maps discovered:
D:1:      spicycebolla_arrival_transporter_tutorial, layout_basic,
          serial_corexii_hall, corexii_hall_statues_i, chequers_hall_statues_y,
          dreamdust_ecumenical_altar_angels_and_demons, serial_bayou_pond_a
D:2:      layout_basic, minmay_octomino_e4
D:3:      layout_basic, uniq_ijyb
D:4:      layout_basic, uniq_menkaure, uniq_blork_the_orc, uniq_duvessa

Skill      XL: |  1  2  3  4  5 |
---------------+----------------+-----
Armour         | 4 5 |  5.1
Axes           | 3 4 |  4.6
Fighting       | 4 |  4.0
Dodging        | |  0.7
Stealth        | |  0.1
Shields        | |  4.5

Action                   |  1- 3 |  4- 6 || total
-------------------------+-------+-------++-------
Melee: War axe           |    79 |   117 ||   196
  Use: Scroll            |     5 |     3 ||     8
       Potion            |       |     5 ||     5
Armor: Scale mail        |    38 |    51 ||    89
Dodge: Dodged            |    45 |    94 ||   139
Block: Buckler           |    19 |    30 ||    49

Table legend: (Time is in decaauts)
 A = Elapsed time spent in this place.
 B = Non-inter-level travel time spent in this place.
 C = Inter-level travel time spent in this place.
 D = Time resting spent in this place.
 E = Time spent auto-exploring this place.
 F = Levels seen in this place.
 G = Mean time per level.
                   A        B        C        D        E       F      G
               +--------+--------+--------+--------+--------+-----+--------+
         Total |   3308 |   3274 |     34 |     49 |   2660 |   4 |  827.0 |
       Dungeon |   3308 |   3274 |     34 |     49 |   2660 |   4 |  827.0 |
               +--------+--------+--------+--------+--------+-----+--------+

Top non-repeatable levels by time:
     D:3: 1496 daAuts
     D:2: 1062 daAuts
     D:1: 705 daAuts
     D:4: 44 daAuts
